 Dungeon Crawl Stone Soup version 0.19-a0-559-ga3d69d0 (webtiles) character file.

252 benitares the Bolt Thrower (level 5, -4/41 HPs)
             Began as a Centaur Hunter on June 8, 2016.
             Was an Initiate of Hepliaklqana.
             Killed from afar by a rakshasa (45 damage)
             ... with an orb of energy
             ... on level 1 of the Abyss.
             The game lasted 00:07:26 (4322 turns).

benitares the Bolt Thrower (Centaur Hunter)         Turns: 4322, Time: 00:07:26

Health: -4/41      AC:  9    Str: 14 (15) XL:     5   Next: 89%
Magic:  4/5        EV:  9    Int: 10      God:    Hepliaklqana [......]
Gold:   224        SH:  0    Dex: 10      Spells: 0 memorised, 4 levels left

rFire  . . .     SeeInvis .     m - +1 dagger (speed)
rCold  . . .     Gourm    .     c - +0 leather armour
rNeg   . . .     Faith    .     (no shield)
rPois  .         Spirit   .     (no helmet)
rElec  .         Dismiss  .     v - +1 cloak
rCorr  .         Reflect  .     A - +2 pair of gloves
SustAt .         Harm     .     (no barding)
MR     .....     Rnd*Tele +     (no amulet)
Stlth  ++........               l - ring of stealth
                                C - ring of teleportation (curse)

@: drained, very quick, not resistant to hostile enchantments, unstealthy
A: hooves 3, deformed body, speed 2, tough skin 3
a: Recall Ancestor, Ancestor Identity, Renounce Religion


You were on level 1 of the Abyss.
You worshipped Hepliaklqana.
Hepliaklqana was noncommittal.
You were not hungry.

You visited 1 branch of the dungeon, and saw 4 of its levels.
You visited the Abyss 1 time.

You collected 224 gold pieces.

Inventory:

Hand Weapons
 a - a +1 hand crossbow
 b - a +0 short sword
 m - a +1 dagger of speed (weapon)
Missiles
 d - 32 bolts
 g - 21 arrows
Armour
 c - a +0 leather armour (worn)
 v - a +1 cloak (worn)
 A - a +2 pair of gloves (worn)
Jewellery
 k - an uncursed ring of fire
 l - a ring of stealth (right hand)
 n - an uncursed ring of magical power
 z - an uncursed ring of resist corrosion
 C - a cursed ring of teleportation (left hand)
Wands
 B - a wand of slowing (21/48)
Scrolls
 e - a scroll of magic mapping {unknown}
 h - 2 scrolls of enchant weapon {unknown}
 j - 2 scrolls of teleportation {unknown}
 p - 2 scrolls of random uselessness {unknown}
 q - a scroll of immolation {unknown}
 r - 2 scrolls of fog {unknown}
 s - a scroll of amnesia {unknown}
 u - a scroll of identify {unknown}
 w - 2 scrolls of enchant armour {unknown}
 x - a scroll of blinking {unknown}
 y - a scroll of remove curse {unknown}
Comestibles
 f - 2 bread rations
 i - 2 meat rations
 o - 5 beef jerkies
 t - 2 fruits


   Skills:
 - Level 2.0(1.7) Fighting
 + Level 7.9(7.6) Crossbows
 - Level 1.3(1.1) Dodging
 - Level 0.5(0.2) Stealth


You had 4 spell levels left.
You didn't know any spells.

Dungeon Overview and Level Annotations

Branches:
Dungeon (4/15)
 Temple: D:4-7

Altars:
Ashenzari
Gozag
Hepliaklqana
Pakellas
Qazlal
Yredelemnul
The Shining One

Shops:
D:4 (


Innate Abilities, Weirdness & Mutations

You have hooves in place of feet.
Armour fits poorly on your strangely shaped body.
You cover ground very quickly.
You have extremely tough skin. (AC +3)


Message History

z - a ring of resist corrosion (left hand) Put on which piece of jewellery? (? for menu, Esc to quit)
You're wearing all the rings you can.
Remove which one? (? for menu, Esc to cancel) < or
z - a ring of resist corrosion; > or
l - a ring of stealth You remove your ring of resist corrosion.
You feel slightly jumpy.
Oops, that ring feels deathly cold.
C - a cursed ring of teleportation (left hand)
You start resting.
Found an opulent altar of Gozag.
Avanven is recalled.
A rakshasa comes into view. It is wielding a long sword.
A starcursed mass comes into view.
Found a tubular gilded ring.
A wind drake comes into view.
The wind drake changes into a mana viper!
The rakshasa gestures at you. The orb of energy hits you!
Ouch! That really hurt!
You die...

. ..# ..#.# ....R##
#. . ..
....##.#.##.# #
..... #.#...##....
###..# #. .# #
.#.....#.##R...#.
#.#... .#.
##..#......#...# ##
#..#.....##....##..#
. #..#...........# #
# ###........#....#
..#...@#...#. ..#
#.#.#..#..#..### ..
##S.###### ... ...#
:.. .#### .# #. #


You could see a rakshasa and a mana viper shaped shifter (wandering).

Vanquished Creatures
  Crazy Yiuf (D:2)
  2 orc wizards (D:3)
  5 adders
  A gnoll (D:4)
  An ooze (D:1)
  5 worms
  3 dart slugs
  2 giant geckos (D:1)
  7 orcs
  3 giant cockroaches
  8 goblins
  12 hobgoblins
  4 jackals (D:1)
  3 quokkas
  9 bats
  2 giant newts
  8 kobolds
  6 rats
  2 fungi (D:2)
84 creatures vanquished.

Vanquished Creatures (others)
  An ancestor (D:4)
  A giant gecko (D:3)
2 creatures vanquished.

Grand Total: 86 creatures vanquished

Notes
Turn   | Place    | Note
--------------------------------------------------------------
     0 | D:1      | benitares the Centaur Hunter began the quest for the Orb.
     0 | D:1      | Reached XP level 1. HP: 17/17 MP: 1/1
   169 | D:1      | Reached XP level 2. HP: 13/24 MP: 2/2
   172 | D:1      | Found a shattered altar of Ashenzari.
   178 | D:1      | Reached skill level 5 in Crossbows
   577 | D:1      | Reached XP level 3. HP: 25/29 MP: 3/3
   683 | D:1      | You fall through a shaft!
  1035 | D:2      | HP: 1/29 [poisoned by an adder]
  1360 | D:2      | Reached skill level 6 in Crossbows
  1689 | D:2      | Found an opulent altar of Gozag.
  1707 | D:2      | Reached XP level 4. HP: 26/36 MP: 4/4
  1800 | D:2      | Found an oddly glowing altar of Pakellas.
  1865 | D:2      | Found a faded altar of an unknown god.
  2533 | D:2      | Noticed Crazy Yiuf
  2543 | D:2      | Killed Crazy Yiuf
  2886 | D:3      | Reached skill level 7 in Crossbows
  2886 | D:3      | Reached XP level 5. HP: 20/41 MP: 5/5
  3699 | D:3      | Found a glowing golden altar of the Shining One.
  3702 | D:3      | Found a basalt altar of Yredelemnul.
  3716 | D:3      | Found a hazy altar of Hepliaklqana.
  3719 | D:3      | Found a stormy altar of Qazlal.
  3725 | D:3      | Became a worshipper of Hepliaklqana
  3867 | D:4      | Found Zulohodi's Antique Weapon Boutique.
  4223 | D:4      | Cast into level 1 of the Abyss (gnoll)
  4301 | Abyss:1  | Found an opulent altar of Gozag.
  4313 | Abyss:1  | Noticed a rakshasa
  4314 | Abyss:1  | Noticed a starcursed mass
  4320 | Abyss:1  | Noticed a wind drake
  4320 | Abyss:1  | Noticed a mana viper
  4320 | Abyss:1  | a wind drake changed into a mana viper
  4322 | Abyss:1  | Killed from afar by a rakshasa

Vault maps used:
D:1:      onia_arrival_pyramid, grunt_decor_mini_mirrors, ashenzari_altar_1
D:2:      nicolae_gozag_seed_capital, ecumenical_altar_2,
          grunt_pakellas_mercury, uniq_crazy_yiuf_cottage
D:3:      grunt_temple_overflow_cloverleaf, first_bread, st_stairs_2
D:4:      tgw_xom, lemuel_doored_altar, temple_hall, serial_shops,
          kennysheep_little_box, okawaru_gym_becter
Abyss:1:  hangedman_abyss_theft

Skill      XL: |  1  2  3  4 |
---------------+-------------+-----
Crossbows      | 5 6 7 |  7.9
Fighting       | |  2.0
Dodging        | |  1.3
Stealth        | |  0.5

Action                   |  1- 3 |  4- 6 || total
-------------------------+-------+-------++-------
Melee: Short sword       |    40 |       ||    40
       Kick              |    27 |    62 ||    89
       Dagger            |   149 |   228 ||   377
 Fire: Hand crossbow     |     2 |    24 ||    26
Invok: Recall Ancestor   |       |     3 ||     3
  Use: Potion            |     2 |     1 ||     3
  Eat: Chunk             |     1 |     9 ||    10
Armor: Leather armour    |    70 |    60 ||   130
Dodge: Dodged            |    98 |    65 ||   163
